Map: Катализатор РВ

Players

Murena - Winner!

  • Race: Terran Terran
  • Spawn Location: 5:00

ИИ 1 (эксперт)

  • Race: Protoss Protoss
  • Spawn Location: 11:00

VOD

Have the link to the VOD?

Description

Time

  • Played on: March 27, 2019, 3:45 a.m.
  • Length: 9:07
Show
View Real Time Build Order
Export as new Build Order

Murena Terran - Winner!

Build Orders:  

Get SALT Encoding   

  12  0:00  SCV  
  13  0:13  SCV  
  14  0:19  Supply Depot  
  14  0:25  SCV  
  15  0:31  Refinery  
  15  0:43  Barracks  
  15  0:47  SCV  
  16  0:58  Refinery  
  16  0:59  SCV  
  17  1:12  SCV  
  17  1:15  Supply Depot  
  18  1:24  SCV  
  19  1:34  Factory  
  19  1:37  Marine  
  20  1:43  SCV  
  21  1:55  Marine  
  22  2:03  Factory  
  22  2:04  SCV  
  23  2:14  Marine  
  24  2:17  Factory Tech Lab  
  24  2:18  SCV  
  25  2:28  Supply Depot  
  25  2:32  Marine  
  25  2:33  SCV  
  27  2:45  Siege Tank  
  27  2:48  Factory Tech Lab  
  30  2:52  Barracks Reactor  
  30  3:07  Siege Tank  
  33  3:18  Siege Tank  
  36  3:24  Supply Depot  
  36  3:29  Marine  
  36  3:30  Marine  
  36  3:32  SCV  
  39  3:46  Siege Tank  
  42  3:53  Marine x2  
  44  4:00  Siege Tank  
  47  4:07  Supply Depot  
  47  4:11  Orbital Command  
  47  4:28  Barracks  
  47  4:31  Marine x2  
Show
View Real Time Build Order
Export as new Build Order

ИИ 1 (эксперт) Protoss 

Build Orders: 1 Gate Expand 

Get SALT Encoding   

  12  0:00  Probe  
  13  0:13  Probe  
  14  0:20  Pylon  
  14  0:25  Probe  
  15  0:34  Probe  
  16  0:43  Probe  
  17  0:50  Gateway  
  17  0:52  Probe  
  18  1:00  Probe  
  19  1:17  Probe  
  19  1:18  Nexus  
  20  1:29  Probe  
  21  1:39  Pylon  
  21  1:40  Zealot  
  21  1:47  Cybernetics Core  
  23  1:50  Assimilator  
  23  1:56  Probe  
  24  2:04  Probe  
  25  2:12  Probe  
  25  2:21  Probe  
  26  2:22  Pylon  
  27  2:30  Probe x2  
  27  2:35  Gateway  
  27  2:36  Warp Gate  
  29  2:39  Probe  
  29  2:42  Assimilator  
  30  2:54  Stalker  
  30  2:55  Pylon, Probe  
  30  2:58  Probe  
  34  3:04  Probe  
  34  3:10  Probe  
  36  3:17  Probe  
  36  3:21  Adept  
  36  3:22  Probe  
  36  3:24  Adept  
  42  3:30  Probe  
  42  3:31  Robotics Facility  
  43  3:34  Probe  
  43  3:39  Probe  
  44  3:46  Probe  
  46  3:49  Probe  
  46  3:51  Adept  
  46  3:54  Adept  
  51  3:58  Probe  
  52  4:05  Probe  
  52  4:07  Pylon, Probe  
  55  4:17  Probe  
  55  4:20  Robotics Bay  
  55  4:21  Adept  
  55  4:22  Pylon  
  57  4:25  Observer  
  57  4:30  Gateway  
  58  4:31  Adept  
  58  4:37  Probe  
  58  4:38  Probe  
  62  4:45  Pylon  
  62  4:50  Robotics Facility  
  62  4:58  Stalker  
  64  5:02  Pylon  
  64  5:03  Zealot  
  66  5:15  Pylon  
  66  5:18  Gateway  
  66  5:21  Zealot  
  66  5:22  Zealot  
  66  5:24  Stalker  
  66  5:26  Probe x2  
  66  5:27  Assimilator  
  64  5:30  Twilight Council  
  64  5:32  Assimilator  
  56  5:36  Stalker  
  56  5:43  Zealot  
  56  5:48  Zealot  
  56  5:49  Probe  
  55  5:50  Probe  
  55  5:52  Zealot  
  55  6:02  Probe  
  55  6:12  Probe  
  55  6:14  Templar Archives  
  49  6:20  Probe  
  44  6:28  Probe  
  44  6:40  Probe  
  45  6:52  High Templar, Probe  
  46  6:54  Pylon  
  46  7:03  Zealot x2  
  46  7:04  Probe  
  35  7:16  Probe  
  33  7:23  Zealot  
  30  7:43  Pylon  
  30  7:47  Zealot  
  30  7:50  Zealot  
  20  7:59  Zealot  
Tags
 
Add a new tag
Caveats
  • Supply blocks, unpowered buildings, or Contaminate may cause inaccurate times.
  • Supply counts are checked every 10 seconds.